 Dungeon Crawl Stone Soup version 0.32-a0-163-g159c032296 (webtiles) character file.

Game seed: 11073806921636744436

2461 pokeman the Thaumaturge (level 9, -1/47 HPs)
             Began as a Deep Elf Hedge Wizard on Feb 12, 2024.
             Was an Initiate of Vehumet.
             Slain by a killer bee (8 damage)
             ... on level 7 of the Dungeon.
             The game lasted 00:15:47 (7514 turns).

pokeman the Thaumaturge (Deep Elf Hedge Wizard)     Turns: 7514, Time: 00:15:49

Health: -1/47      AC: 10    Str:  7    XL:     9   Next: 26%
Magic:  15/26      EV: 12    Int: 24    God:    Vehumet [......]
Gold:   300        SH:  0    Dex: 14    Spells: 19/30 levels left

rFire   . . .        p - +4 quarterstaff (chaos)
rCold   . . .        (shield currently unavailable)
rNeg    . . .        I - +1 leather armour {rPois}
rPois   +            c - +0 hat
rElec   .            q - +1 cloak {Stlth+}
rCorr   .            (no gloves)
SInv    .            (no boots)
Will    .....        v - amulet of regeneration
Stlth   +++          n - +4 ring of protection
HPRegen 1.07/turn    z - ring of wizardry
MPRegen 0.20/turn

%: wizardry (x1)
@: lethally poisoned (-1 -> -1), very slightly contaminated
A: no striking features
a: Renounce Religion


You were on level 7 of the Dungeon.
You worshipped Vehumet.
Vehumet was noncommittal.
You visited 2 branches of the dungeon, and saw 8 of its levels.

You collected 300 gold pieces.

Inventory:

Hand Weapons
 p - a +4 quarterstaff of chaos (weapon)
 x - a +2 short sword of venom
Armour
 c - a +0 hat (worn)
 q - a +1 cloak of stealth (worn)
 u - a +0 kite shield
 I - a +1 leather armour of poison resistance (worn)
Jewellery
 n - a +4 ring of protection (left hand)
 s - an amulet of the acrobat
 v - an amulet of regeneration (around neck)
 z - a ring of wizardry (right hand)
 D - an amulet of guardian spirit
 H - a ring of flight
Wands
 t - a wand of polymorph (6)
 w - a wand of charming (12)
Scrolls
 a - 2 scrolls of noise {unknown}
 g - 7 scrolls of teleportation {unknown}
 h - a scroll of poison {unknown}
 i - 9 scrolls of identify {unknown}
 j - 2 scrolls of blinking {unknown}
 k - 6 scrolls of acquirement {unknown}
 y - a scroll of enchant armour {unknown}
 A - a scroll of revelation {unknown}
 B - a scroll of brand weapon {unknown}
 F - a scroll of fog {unknown}
 G - a scroll of enchant weapon {unknown}
Potions
 d - a potion of magic
 e - a potion of might {unknown}
 f - 5 potions of curing {unknown}
 l - 4 potions of heal wounds {unknown}
 m - a potion of haste {unknown}
 o - 2 potions of brilliance {unknown}
 r - a potion of lignification {unknown}
 C - a potion of berserk rage {unknown}
 E - 2 potions of invisibility {unknown}


   Skills:
 + Level 1.1 Fighting
 - Level 3.0 Armour
 - Level 4.0 Dodging
 - Level 4.1 Stealth
 - Level 2.0 Shields
 * Level 11.3 Spellcasting
 + Level 6.2 Conjurations
 + Level 3.8 Summonings
 - Level 1.1 Translocations
 + Level 0.9 Ice Magic
 - Level 1.0 Air Magic
 - Level 1.0 Alchemy
 - Level 1.0 Evocations


You had 19 spell levels left.
You knew the following spells:

 Your Spells              Type           Power      Damage    Failure   Level
a - Magic Dart            Conj           100%       1d8       1%          1
b - Mephitic Cloud        Conj/Alch/Air  27%        N/A       2%          3
c - Call Imp              Summ           64%        N/A       1%          2
d - Blink                 Tloc           36%        N/A       2%          2
e - Summon Ice Beast      Ice/Summ       25%        N/A       3%          3

Your spell library contained the following spells:

 Spells                   Type           Power      Damage    Failure   Level
 Apportation              Tloc           36%        N/A       1%          1
 Slow                     Hex            52%        N/A       2%          1
 Cigotuvi's Dreadful Rot  Necr/Alch/Air  32%        N/A       3%          2
 Ensorcelled Hibernation  Hex/Ice        30%        N/A       3%          2
 Jinxbite                 Hex            26%        N/A       4%          2
 Swiftness                Air            18%        N/A       5%          3
 Passwall                 Erth           13%        N/A       9%          3
 Summon Mana Viper        Hex/Summ       22%        N/A       32%         5
 Alistair's Intoxication  Alch           12%        N/A       41%         5
 Monstrous Menagerie      Summ           16%        N/A       98%         7


Dungeon Overview and Level Annotations

Branches:
Dungeon (7/15)             Temple (1/1) D:7

Altars:
Ashenzari
Cheibriados
Elyvilon
Fedhas
Gozag
Hepliaklqana
Kikubaaqudgha
Makhleb
Nemelex Xobeh
Okawaru
Qazlal
Ru
Sif Muna
Trog
Uskayaw
Vehumet
Wu Jian
Xom
Yredelemnul
Zin
The Shining One

Shops:
D:6 :


Message History

Vehumet accepts your kill.
You feel sick. The killer bee closely misses you. The killer bee stings you!
* * * LOW HITPOINT WARNING * * *
The howler monkey hits you but does no damage.
You feel sick.
The killer bee attacks as it pursues you!
The killer bee stings you but does no damage.
The killer bee stings you.
* * * LOW HITPOINT WARNING * * *
Unknown command.
Casting: Magic Dart (safe; 1% risk of failure)
Confirm with . or Enter, or press ? or * to list all spells.
Aiming: Mephitic Cloud (dangerous; 2% risk of failure)
Press: ? - help, Shift-Dir - straight line You miscast Mephitic Cloud.
You are very lightly contaminated with residual magic.
Nothing appears to happen.
You feel sick. The killer bee stings you.
* * * LOW HITPOINT WARNING * * *
The killer bee stings you but does no damage.
Casting: Mephitic Cloud (dangerous; 2% risk of failure)
Confirm with . or Enter, or press ? or * to list all spells.
Aiming: Mephitic Cloud (dangerous; 2% risk of failure)
Press: ? - help, Shift-Dir - straight line The ball explodes into a vile cloud!
The stinking cloud engulfs the killer bee.
The stinking cloud engulfs you.
The stinking cloud engulfs the killer bee.
The stinking cloud engulfs the howler monkey.
The howler monkey is almost dead.
You feel sick.
The killer bee is engulfed in noxious fumes.
The killer bee appears confused.
The killer bee stings the howler monkey.
The howler monkey is killed!
Vehumet accepts your kill.
The killer bee is engulfed in noxious fumes.
The killer bee appears confused.
The killer bee closely misses you.
The killer bee is engulfed in noxious fumes.
The killer bee appears confused.
The killer bee stings you!
You die...

### #. # #..# #..<..... #.# #..$
$ .# ###.....# #.# #..$##$..#
#...... #.# ..#$$#..# ##.##.#
######.# ..Y...# #.##.#
.......####### .z..# #.##.#
#####........####''#########.##.#
## #.######....#y.#.....<...##.#
.# #.# ####.@y###.######.##.# .#
#.# ##### #.# #..... .# #.#
########.## ####.# .####.##
#.........# #.# .......##
#....###.## #.#
.####...######..#.##### #.#
................#[..# #.#
######..#####.#####.# #.# .##
#..# #...#...# #.#


You could see an ice beast, 2 killer bees and a wight.

Vanquished Creatures
  Eustachio (D:4)
  A steam dragon (D:4)
  A water moccasin (D:6)
  A sky beast (D:7)
  2 orc warriors
  A black bear (D:6)
  2 ice beasts
  2 ogres
  2 centaurs
  2 phantoms
  A kobold brigand (D:6)
  A bullfrog (D:6)
  2 jellies (D:4)
  A howler monkey (D:7)
  2 vampire bats (D:7)
  An electric eel (D:6)
  2 bombardier beetles
  2 orc priests (D:5)
  Crazy Yiuf (D:2)
  4 hounds
  3 iguanas
  4 sleepcaps
  2 orc wizards (D:7)
  A gnoll (D:4)
  9 adders
  2 white imps (D:6)
  2 ufetubi (D:7)
  4 dart slugs
  6 ribbon worms
  20 orcs
  3 ball pythons
  3 bat skeletons (D:7)
  2 bat zombies (D:7)
  3 endoplasms
  4 giant cockroaches
  8 goblins
  8 hobgoblins
  3 quokkas
  5 bats
  4 frilled lizards
  12 kobolds
  7 rats
147 creatures vanquished.

Notes
Turn   | Place    | Note
-------+----------+-------------------------------------------
     0 | D:1      | pokeman the Deep Elf Hedge Wizard began the quest for the
                  | Orb.
     0 | D:1      | Reached XP level 1. HP: 10/10 MP: 7/7
   376 | D:1      | Reached XP level 2. HP: 15/15 MP: 6/9
  1336 | D:1      | Reached skill level 5 in Spellcasting
  1559 | D:2      | Reached XP level 3. HP: 20/20 MP: 7/11
  1563 | D:2      | Learned a level 3 spell: Mephitic Cloud
  1566 | D:2      | Learned a level 2 spell: Call Imp
  1569 | D:2      | Learned a level 2 spell: Blink
  1666 | D:2      | Reached skill level 1 in Fighting
  1674 | D:2      | Reached skill level 1 in Armour
  1878 | D:2      | Reached XP level 4. HP: 25/25 MP: 4/13
  2128 | D:2      | Found a white marble altar of Elyvilon.
  2329 | D:2      | Found a runed translucent door.
  2330 | D:2      | Noticed Crazy Yiuf
  2546 | D:2      | Killed Crazy Yiuf
  2862 | D:3      | Found a sparkling altar of Nemelex Xobeh.
  2862 | D:3      | Found a shimmering blue altar of Sif Muna.
  2866 | D:3      | Found a shimmering altar of Xom.
  2903 | D:3      | Reached XP level 5. HP: 29/29 MP: 2/15
  3558 | D:4      | Reached skill level 6 in Spellcasting
  3642 | D:4      | Noticed Eustachio
  3648 | D:4      | Killed Eustachio
  3649 | D:4      | Reached XP level 6. HP: 34/34 MP: 7/17
  4006 | D:4      | Noticed a steam dragon
  4020 | D:4      | Killed a steam dragon
  4021 | D:4      | Reached skill level 7 in Spellcasting
  4324 | D:4      | Reached skill level 1 in Air Magic
  4324 | D:4      | Reached XP level 7. HP: 13/38 MP: 8/20
  4415 | D:4      | Reached skill level 1 in Alchemy
  4415 | D:4      | Reached skill level 1 in Evocations
  4993 | D:5      | Entered Level 5 of the Dungeon
  5008 | D:5      | Reached skill level 8 in Spellcasting
  5047 | D:5      | Reached skill level 1 in Shields
  5272 | D:5      | Reached skill level 9 in Spellcasting
  5272 | D:5      | Reached XP level 8. HP: 42/43 MP: 16/23
  5678 | D:5      | Found a burning altar of Makhleb.
  5832 | D:6      | Found Sitt's Self-Improvement Boutique.
  5850 | D:6      | Reached skill level 5 in Conjurations
  5958 | D:6      | Found a hide-covered altar of Uskayaw.
  6060 | D:6      | Reached skill level 10 in Spellcasting
  6699 | D:7      | Reached XP level 9. HP: 47/47 MP: 19/25
  6856 | D:7      | Reached skill level 11 in Spellcasting
  6959 | D:7      | Noticed a gargoyle
  7025 | D:6      | Learned a level 3 spell: Summon Ice Beast
  7059 | D:7      | Found a staircase to the Ecumenical Temple.
  7071 | Temple   | Entered the Ecumenical Temple
  7080 | Temple   | Became a worshipper of Vehumet
  7224 | D:7      | Found an ancient bone altar of Kikubaaqudgha.
  7514 | D:7      | Slain by a killer bee

Illustrated notes

Levels and vault maps discovered:
D:1:      grunt_arrival_crossed_arrows, layout_loops_corners
D:2:      layout_rooms, basic_altar, minmay_tromino_v4_b,
          uniq_crazy_yiuf_cottage
D:3:      layout_loops_cross, nicolae_overflow_hidden_temple
D:4:      layout_gridville, cheibrodos_gnoll_hut, uniq_eustachio
D:5:      layout_loops_ring, lightli_temple_of_fire, corexii_checkpoint
D:6:      nicolae_cairo_tiling, layout_rooms, nicolae_uskayaw_dance_studio,
          serial_bayou_pond_a, nicolae_shop_self_help
D:7:      minmay_polygon_palace, layout_loops_ring, kennysheep_vampire_church,
          minmay_temple_entry_statues_fountains
Temple:   nicolae_temple_ecumenical_triangle

Skill      XL: |  1  2  3  4  5  6  7  8  9 |
---------------+----------------------------+-----
Spellcasting   | 5 6 7 9 10 11 | 11.3
Fighting       | 1 |  1.1
Armour         | 1 2 3 |  3.0
Conjurations   | 2 3 4 5 6 |  6.2
Dodging        | 3 4 |  4.0
Stealth        | 3 4 |  4.1
Air Magic      | 1 |  1.0
Alchemy        | 1 |  1.0
Evocations     | 1 |  1.0
Shields        | 1 2 |  2.0
Summonings     | 3 |  3.8
Translocations | |  1.1
Ice Magic      | |  0.9

Action                     |  1- 3 |  4- 6 |  7- 9 || total
---------------------------+-------+-------+-------++-------
  Melee: Dagger            |    14 |     2 |       ||    16
         Quarterstaff      |       |    37 |    67 ||   104
         Short sword       |       |       |    85 ||    85
         Punch             |       |       |     1 ||     1
   Cast: Magic Dart        |    85 |    86 |   110 ||   281
         Mephitic Cloud    |     1 |    12 |    22 ||    35
         Call Imp          |     1 |     1 |     4 ||     6
         Blink             |       |       |     1 ||     1
         Summon Ice Beast  |       |       |     1 ||     1
   Stab: Confused          |     1 |     4 |    16 ||    21
         Sleeping          |       |     1 |     5 ||     6
         Paralysed         |       |     1 |       ||     1
 Armour: Robe              |     8 |    17 |    73 ||    98
         Leather armour    |       |       |    54 ||    54
  Dodge: Dodged            |    14 |    18 |   143 ||   175

Table legend: (Time is in decaauts)
 A = Elapsed time spent in this place.
 B = Non-inter-level travel time spent in this place.
 C = Inter-level travel time spent in this place.
 D = Time resting spent in this place.
 E = Time spent auto-exploring this place.
 F = Levels seen in this place.
 G = Mean time per level.
                   A        B        C        D        E       F      G
               +--------+--------+--------+--------+--------+-----+--------+
         Total |   7543 |   7326 |    217 |    174 |   5976 |   8 |  942.9 |
       Dungeon |   7524 |   7315 |    209 |    174 |   5976 |   7 | 1074.9 |
        Temple |     18 |     10 |      8 |      0 |      0 |   1 |   18.0 |
               +--------+--------+--------+--------+--------+-----+--------+

Top non-repeatable levels by time:
     D:4: 1582 daAuts
     D:1: 1487 daAuts
     D:2: 1193 daAuts
     D:6: 908 daAuts
     D:5: 788 daAuts
     D:3: 782 daAuts
     D:7: 782 daAuts
  Temple: 18 daAuts
